 Dungeon Crawl Stone Soup version 0.22.1-2-g9c5b331383 (webtiles) character file.

74 Rediskos the Grave Robber (level 4, -1/37 HPs)
             Began as a Hill Orc Necromancer on Nov 25, 2018.
             Slain by Grinder (6 damage)
             ... on level 3 of the Dungeon.
             The game lasted 00:13:03 (2797 turns).

Rediskos the Grave Robber (Hill Orc Necromancer)    Turns: 2797, Time: 00:13:04

Health: -1/37      AC:  3    Str: 11    XL:     4   Next: 30%
Magic:  7/7        EV: 11    Int: 15    God:
Gold:   115        SH:  3    Dex: 11    Spells: 3/7 levels left

rFire    . . .     SeeInvis .   g - +0 dagger
rCold    . . .     Gourm    .   i - +0 buckler
rNeg     . . .     Faith    .   q - +0 leather armour
rPois    .         Spirit   .   (no helmet)
rElec    .         Reflect  .   (no cloak)
rCorr    .         Harm     .   (no gloves)
MR       .....                  (no boots)
Stlth    +.........             (no amulet)
HPRegen  0.12/turn              (no ring)
MPRegen  0.10/turn              (no ring)

@: no status effects
A: no striking features
a: no special abilities


You were on level 3 of the Dungeon.
You were hungry.

You visited 1 branch of the dungeon, and saw 3 of its levels.

You collected 115 gold pieces.

Inventory:

Hand Weapons
 g - a +0 dagger (weapon)
Missiles
 p - a javelin (quivered)
Armour
 i - a +0 buckler (worn)
 q - a +0 leather armour (worn)
 t - a +2 scale mail of fire resistance
Jewellery
 o - an uncursed ring of ice
Scrolls
 b - a scroll of fear {unknown}
 f - a scroll of random uselessness {unknown}
 h - a scroll of noise {unknown}
 j - a scroll of amnesia {unknown}
 s - 4 scrolls of identify
 u - a scroll of immolation {unknown}
Potions
 d - a potion of curing
 e - a potion of might {unknown}
 k - 2 potions of berserk rage {unknown}
 l - a potion of brilliance
 n - a potion of flight
 r - a potion of heal wounds {unknown}
 w - a potion of invisibility {unknown}
Comestibles
 a - a chunk of flesh
 c - 8 rations


   Skills:
 + Level 2.4 Fighting
 + Level 1.4 Armour
 - Level 1.5 Dodging
 - Level 1.5 Stealth
 + Level 1.4 Shields
 + Level 2.0 Spellcasting
 + Level 0.3 Charms
 - Level 4.2 Necromancy


You had 3 spell levels left.
You knew the following spells:

 Your Spells              Type           Power        Failure   Level  Hunger
a - Pain                  Necr           ##..         8%          1    #......
b - Regeneration          Chrm/Necr      #.........   43%         3    ###....

Your spell library contained the following spells:

 Spells                   Type           Power        Failure   Level  Hunger
 Animate Skeleton         Necr           N/A          8%          1    #......
 Vampiric Draining        Necr           ##........   22%         3    ###....
 Animate Dead             Necr           N/A          58%         4    #####..


Dungeon Overview and Level Annotations

Branches:
Dungeon (3/15)

Altars:
Ashenzari
Elyvilon
Fedhas
Sif Muna
Xom

Annotations:
D:3 1 runed door, Grinder


Message History

* * * LOW HITPOINT WARNING * * *
Grinder gestures at you.
You barely resist.
Throwing (i - inventory)
p - 3 javelins (quivered)
Press: ? - help, Shift-Dir - straight line, f/p - Grinder
Aim: Grinder (lightly wounded)
You throw a javelin.
The javelin hits Grinder but does no damage.
Grinder is lightly wounded.
Throwing (i - inventory)
p - 2 javelins (quivered)
Press: ? - help, Shift-Dir - straight line, f/p - Grinder
Aim: Grinder (lightly wounded)
You throw a javelin. The javelin hits Grinder.
Grinder is lightly wounded.
Grinder hits you.
* * * LOW HITPOINT WARNING * * *
You writhe in agony.
* * * LOW HITPOINT WARNING * * *
Grinder hits you.
You die...

#.#.#.#. ######.#.... ...
....... ##### #.# #.....# .
#...# #.# #.##..### .# #...# #.#
#.......###..# ###...##### #.#
#..........# ..'.......##
#.#####.#.#.....##
###..(###..#####@#...(.#.#.###.#
#.....##.#..(5(..###.#.#.#
#.........(......# #.#.#<#
#..........).....#####.###
#......(...###'#.......#
#..........# #.#########
######.....# #.# #.....# #(#
####..# #.#


You could see Grinder.

Vanquished Creatures
  An adder (D:3)
  2 oozes
  A worm (D:3)
  2 dart slugs
  2 leopard geckos (D:3)
  2 giant cockroaches
  8 goblins
  4 hobgoblins
  3 jackals (D:3)
  6 kobolds
  6 bats
  4 frilled lizards
  4 rats
45 creatures vanquished.

Notes
Turn   | Place    | Note
-------+----------+-------------------------------------------
     0 | D:1      | Rediskos the Hill Orc Necromancer began the quest for the
                  | Orb.
     0 | D:1      | Reached XP level 1. HP: 14/14 MP: 3/3
   170 | D:1      | Found an iron altar of Okawaru.
   172 | D:1      | Found a shadowy altar of Dithmenos.
   172 | D:1      | Found a glowing golden altar of the Shining One.
   174 | D:1      | Found a shimmering altar of Xom.
   174 | D:1      | Found a shadowy altar of Dithmenos.
   174 | D:1      | Found a sparkling altar of Nemelex Xobeh.
   463 | D:1      | Reached skill level 1 in Fighting
   463 | D:1      | Reached XP level 2. HP: 23/23 MP: 2/4
  1231 | D:2      | Reached XP level 3. HP: 27/28 MP: 2/5
  1398 | D:2      | Reached skill level 1 in Shields
  1526 | D:2      | Found a faded altar of an unknown god.
  1555 | D:2      | Reached skill level 1 in Armour
  1750 | D:2      | Found a blossoming altar of Fedhas.
  1819 | D:3      | Noticed Grinder
  2082 | D:3      | Learned a level 3 spell: Regeneration
  2085 | D:3      | Found a white marble altar of Elyvilon.
  2085 | D:3      | Found a shattered altar of Ashenzari.
  2149 | D:3      | Reached XP level 4. HP: 34/36 MP: 2/6
  2159 | D:3      | Paralysed by Grinder for 6 turns
  2430 | D:3      | Found a runed door.
  2477 | D:3      | Found a deep blue altar of Sif Muna.
  2797 | D:3      | Slain by Grinder

Skill      XL: |  1  2  3  4 |
---------------+-------------+-----
Fighting       | 1 2 |  2.4
Shields        | 1 |  1.4
Armour         | 1 |  1.4
Spellcasting   | 2 |  2.0
Dodging        | |  1.5
Stealth        | |  1.5
Charms         | |  0.3
Necromancy     | |  4.2

Action                   |  1- 3 |  4- 6 || total
-------------------------+-------+-------++-------
Melee: Dagger            |    13 |    15 ||    28
Throw: Javelin           |    15 |     7 ||    22
 Cast: Pain              |    63 |    15 ||    78
  Use: Scroll            |     3 |     2 ||     5
 Stab: Sleeping          |     1 |       ||     1
  Eat: Chunk             |     5 |     2 ||     7
Armor: Robe              |     5 |     3 ||     8
       Leather armour    |       |     3 ||     3
Dodge: Dodged            |    18 |     9 ||    27
Block: Buckler           |     6 |     1 ||     7
